 Dungeon Crawl Stone Soup version 0.30-a0-123-g91d0c66ccf (webtiles) character file.

Game seed: 6929250611668273243

156 Maken the Chopper (level 5, 0/47 HPs)
             Began as a Hill Orc Monk on Sept 17, 2022.
             Slain by an iguana (4 damage)
             ... on level 3 of the Dungeon.
             The game lasted 00:07:17 (4163 turns).

Maken the Chopper (Hill Orc Monk)                   Turns: 4163, Time: 00:07:17

Health: 0/47       AC:  7    Str: 16    XL:     5   Next: 37%
Magic:  5/5        EV: 11    Int: 10    God:
Gold:   224        SH:  3    Dex: 13    Spells: 4/4 levels left

rFire   + . .      SeeInvis .    a - +0 hand axe
rCold   . . .      Faith    .    o - +0 buckler
rNeg    . . .      Spirit   .    p - +2 ring mail {Will+}
rPois   .          Reflect  .    (no helmet)
rElec   .          Harm     .    (no cloak)
rCorr   .          Rampage  .    (no gloves)
Will    ++...                    (no boots)
Stlth   +.........               (no amulet)
HPRegen 0.15/turn                i - ring of the Frog {Fly rF+}
MPRegen 0.09/turn                k - ring of willpower

@: flying
A: no striking features
a: no special abilities


You were on level 3 of the Dungeon.
You visited 1 branch of the dungeon, and saw 4 of its levels.

You collected 224 gold pieces.

Inventory:

Hand Weapons
 a - a +0 hand axe (weapon)
Missiles
 m - 3 poisoned darts (quivered)
Armour
 b - a +0 robe
 o - a +0 buckler (worn)
 p - a +2 ring mail of willpower (worn)
Jewellery
 i - the ring of the Frog (left hand) {Fly rF+}
   (You found it on level 2 of the Dungeon)

   [ring of flight]

   rF:        It protects you from fire.
   Fly:       It grants you flight.
 k - a ring of willpower (right hand)
Scrolls
 d - a scroll of noise
 h - 3 scrolls of immolation {unknown}
 j - 2 scrolls of teleportation {unknown}
 q - a scroll of blinking {unknown}
 r - a scroll of fog {unknown}
 s - a scroll of vulnerability {unknown}
Potions
 c - a potion of ambrosia
 f - 2 potions of mutation
 g - a potion of berserk rage
 l - a potion of brilliance
 n - a potion of curing {unknown}


   Skills:
 + Level 4.5 Fighting
 * Level 5.8 Axes
 + Level 2.1 Armour
 + Level 3.0 Dodging
 - Level 1.5 Stealth


You had 4 spell levels left.
You didn't know any spells.
Your spell library contained the following spells:

 Spells                   Type           Power      Damage    Failure   Level
 Beastly Appendage        Tmut           0%         N/A       69%         1
 Confusing Touch          Hex            0%         N/A       96%         3
 Gell's Gravitas          Tloc           0%         N/A       96%         3
 Inner Flame              Hex/Fire       0%         N/A       96%         3
 Summon Guardian Golem    Hex/Summ       0%         N/A       96%         3
 Teleport Other           Tloc           0%         N/A       96%         3
 Petrify                  Tmut/Erth      0%         N/A       100%        4
 Yara's Violent Unravell  Hex/Tmut       0%         3d3       100%        5
 Dispersal                Tloc           0%         N/A       100%        6
 Eringya's Noxious Bog    Tmut/Pois      0%         N/A       100%        6
 Enfeeble                 Hex            0%         N/A       100%        7
 Orb of Destruction       Conj           0%         9d5       100%        7
 Spellforged Servitor     Conj/Summ      0%         N/A       100%        7


Dungeon Overview and Level Annotations

Branches:
Dungeon (4/15)
 Temple: D:4-7

Altars:
Makhleb
Sif Muna


Message History

The iguana bites you. The iguana barely misses you.
The iguana attacks as you move away! The iguana bites you!
The iguana attacks as you move away! You block the iguana's attack.
The iguana attacks as you move away! The iguana closely misses you.
The iguana attacks as you move away! You block the iguana's attack.
There is a stone staircase leading up here.
The iguana barely misses you.
You fly upwards.
There is a stone staircase leading down here.
You are too injured to fight recklessly!
You are too injured to fight recklessly!
You are too injured to fight recklessly!
You hit the iguana.
The iguana is severely wounded.
The iguana closely misses you.
You hit the iguana.
The iguana is almost dead.
The iguana bites you but does no damage.
You hit the iguana but do no damage.
The iguana is almost dead.
The iguana closely misses you. You block the iguana's attack.
You barely miss the iguana.
The iguana is almost dead.
The iguana misses you.
You hit the iguana but do no damage.
The iguana is almost dead.
The iguana bites you!
* * * LOW HITPOINT WARNING * * *
You barely miss the iguana.
The iguana is almost dead.
The iguana barely misses you.
You hit the iguana but do no damage.
The iguana is almost dead.
The iguana bites you.
* * * LOW HITPOINT WARNING * * *
You barely miss the iguana.
The iguana is almost dead.
The iguana bites you.
You die...

############ ...........#
...........###########
.......†...#.........#
.....................#
.<...#+#...#+#.......#
....##.##.##.##......#
...##...###...##.....#
...'.....'.....+@#####
..###.).###...###l..##
.##.##.##.##.##.##...#
##...###...###...##>.#
#.....#.[...#.....#..#
'.....'.....'.....'.#########
#.....#.....#.....#.........#
##...###...###...###........#
.##.##.##.##.##.##.##.......#


You could see an iguana.

Vanquished Creatures
  An iguana (D:3)
  4 adders
  4 gnolls (D:3)
  A worm (D:2)
  A dart slug (D:3)
  8 ball pythons
  6 endoplasms
  6 giant cockroaches
  3 hobgoblins
  2 jackals (D:4)
  A quokka (D:3)
  4 bats
  4 goblins
  6 kobolds
  4 rats
55 creatures vanquished.

Notes
Turn   | Place    | Note
-------+----------+-------------------------------------------
     0 | D:1      | Maken the Hill Orc Monk began the quest for the Orb.
     0 | D:1      | Reached XP level 1. HP: 19/19 MP: 1/1
   235 | D:1      | Got Xamext's Parchment of the Reformed Coals
   584 | D:1      | Found a faded altar of an unknown god.
   589 | D:1      | Reached XP level 2. HP: 27/27 MP: 2/2
  1287 | D:2      | Reached skill level 1 in Armour
  1287 | D:2      | Reached XP level 3. HP: 30/33 MP: 3/3
  1290 | D:2      | Identified the ring of the Frog {Fly rF+}
  1727 | D:2      | Found a burning altar of Makhleb.
  2293 | D:2      | Reached skill level 5 in Axes
  2658 | D:3      | Reached XP level 4. HP: 37/40 MP: 4/4
  3146 | D:3      | Found a shimmering blue altar of Sif Muna.
  3671 | D:3      | Reached XP level 5. HP: 47/47 MP: 5/5
  3717 | D:4      | Noticed a centaur
  4163 | D:3      | Slain by an iguana

Illustrated notes

Levels and vault maps discovered:
D:1:      spicycebolla_arrival_xxxplode, layout_loops_corners,
          ebering_ecumenical_altar_mist
D:2:      layout_loops_ring, basic_altar
D:3:      layout_basic, lemuel_blue_sif_altar, nicolae_hexahallways
D:4:      wad_pebble_path, layout_rooms, makhleb_altar_promises_db

Skill      XL: |  1  2  3  4  5 |
---------------+----------------+-----
Armour         | 1 2 |  2.1
Fighting       | 4 |  4.5
Axes           | 5 |  5.8
Dodging        | 3 |  3.0
Stealth        | |  1.5

Action                   |  1- 3 |  4- 6 || total
-------------------------+-------+-------++-------
Melee: Hand axe          |   137 |   111 ||   248
Throw: Dart              |     3 |     3 ||     6
  Use: Scroll            |       |     4 ||     4
 Stab: Sleeping          |    10 |     1 ||    11
Armor: Robe              |    22 |     5 ||    27
       Ring mail         |       |    32 ||    32
Dodge: Dodged            |    84 |    83 ||   167
Block: Buckler           |       |    21 ||    21

Table legend: (Time is in decaauts)
 A = Elapsed time spent in this place.
 B = Non-inter-level travel time spent in this place.
 C = Inter-level travel time spent in this place.
 D = Time resting spent in this place.
 E = Time spent auto-exploring this place.
 F = Levels seen in this place.
 G = Mean time per level.
                   A        B        C        D        E       F      G
               +--------+--------+--------+--------+--------+-----+--------+
         Total |   4184 |   4083 |    101 |    478 |   2925 |   4 | 1046.0 |
       Dungeon |   4184 |   4083 |    101 |    478 |   2925 |   4 | 1046.0 |
               +--------+--------+--------+--------+--------+-----+--------+

Top non-repeatable levels by time:
     D:3: 1472 daAuts
     D:2: 1402 daAuts
     D:1: 1215 daAuts
     D:4: 93 daAuts
